 Dungeon Crawl Stone Soup version 0.32-a0-42-ga30500b4d3 (webtiles) character file.

Game seed: 7020235492056212896

19782 kae the Martial Artist (level 12, 0/94 HPs)
             Began as a Demonspawn Shapeshifter on Jan 29, 2024.
             Was an Elder of Wu Jian.
             Slain by a naga
             ... wielding a +0 battleaxe
              (10 damage)
             ... on level 2 of the Lair of Beasts.
             The game lasted 00:12:45 (14542 turns).

kae the Martial Artist (Demonspawn Shapeshifter)   Turns: 14542, Time: 00:12:46

Health: 0/94       AC: 36    Str: 15    XL:     12   Next: 39%
Magic:  12/12      EV:  6    Int:  9    God:    Wu Jian [****..]
Gold:   794        SH:  0    Dex: 17    Spells: 11/11 levels left

rFire   . .          .
                       - Unarmed
rCold   . . .        (no shield)
rNeg    + . .        C - +18 Lear's hauberk
rPois   .            (helmet currently unavailable)
rElec   .            (no cloak)
rCorr   .            (gloves currently unavailable)
SInv    .            (boots currently unavailable)
Will    +....        (no amulet) Stlth
                     O - +4 ring of protection
HPRegen 0.35/turn    P - ring of Xom's Benevolence {rN+ Will+ Int-2 Slay+3}
MPRegen 0.13/turn

%: no passive effects
@: about to teleport, sanguine armoured, constricted
A: ignite blood 1, sanguine armour 1, demonic magic 2, weakness stinger 1
a: Renounce Religion, Wall Jump, Serpent's Lash


You were on level 2 of the Lair of Beasts.
You worshipped Wu Jian.
Wu Jian was greatly pleased with you.
You visited 3 branches of the dungeon, and saw 14 of its levels.
You also visited: Ossuary.

You collected 831 gold pieces.
You spent 37 gold pieces at shops.


Innate Abilities, Weirdness & Mutations

Your demonic aura sometimes causes spilled blood to erupt in flames.
When seriously injured, your blood forms armour. (AC +6)
Spells you cast may paralyse nearby enemies.
You have a small tail.


   Skills:
 + Level 8.8 Fighting
 + Level 6.2 Dodging
 * Level 11.9 Unarmed Combat
 * Level 11.0 Shapeshifting


You had 11 spell levels left.
You didn't know any spells.
Your spell library contained the following spells:

 Spells                   Type           Power      Damage    Failure   Level
 Apportation              Tloc           0%         N/A       100%        1
 Freeze                   Ice            0%         1d3       100%        1
 Magic Dart               Conj           0%         1d3       100%        1
 Sandblast                Erth           0%         2d4       100%        1
 Blink                    Tloc           0%         N/A       100%        2
 Call Imp                 Summ           0%         N/A       100%        2
 Cigotuvi's Dreadful Rot  Necr/Alch/Air  0%         N/A       100%        2
 Ensorcelled Hibernation  Hex/Ice        0%         N/A       100%        2
 Jinxbite                 Hex            0%         N/A       100%        2
 Lesser Beckoning         Tloc           0%         N/A       100%        2
 Momentum Strike          Conj/Tloc      0%         3d8       100%        2
 Searing Ray              Conj           0%         2d4       100%        2
 Static Discharge         Conj/Air       0%         3-3/arc   100%        2
 Sublimation of Blood     Necr           0%         N/A       100%        2
 Call Canine Familiar     Summ           0%         N/A       100%        3
 Frozen Ramparts          Ice            0%         1d1       100%        3
 Fugue of the Fallen      Necr           0%         N/A       100%        3
 Hailstorm                Conj/Ice       0%         3d5       100%        3
 Passwall                 Erth           0%         N/A       100%        3
 Sigil of Binding         Hex            0%         N/A       100%        3
 Stone Arrow              Conj/Erth      0%         3d7       100%        3
 Summon Ice Beast         Ice/Summ       0%         N/A       100%        3
 Tukima's Dance           Hex            0%         N/A       100%        3
 Airstrike                Air            0%         2d(0-16)  100%        4
 Anguish                  Hex/Necr       0%         N/A       100%        4
 Brom's Barrelling Bould  Conj/Erth      0%         2d3       100%        4
 Dimensional Bullseye     Hex/Tloc       0%         N/A       100%        4
 Dispel Undead            Necr           0%         3d6       100%        4
 Fulminant Prism          Conj/Alch      0%         3d5       100%        4
 Iskenderun's Mystic Bla  Conj/Tloc      0%         2d3       100%        4
 Martyr's Knell           Necr/Summ      0%         N/A       100%        4
 Passage of Golubria      Tloc           0%         N/A       100%        4
 Petrify                  Alch/Erth      0%         N/A       100%        4
 Summon Lightning Spire   Summ/Air       0%         N/A       100%        4
 Vhi's Electric Charge    Tloc/Air       0%         N/A       100%        4
 Alistair's Intoxication  Alch           0%         N/A       100%        5
 Arcjolt                  Conj/Air       0%         1d10      100%        5
 Irradiate                Conj/Alch      0%         3d11      100%        5
 Yara's Violent Unravell  Hex/Alch       0%         3d3       100%        5
 Death Channel            Necr           0%         N/A       100%        6
 Plasma Beam              Fire/Air       0%         2x1d10    100%        6
 Sculpt Simulacrum        Ice/Alch       0%         N/A       100%        6
 Enfeeble                 Hex            0%         N/A       100%        7
 Summon Hydra             Summ           0%         N/A       100%        7

Inventory:

Missiles
 h - 99 stones (quivered)
 j - 3 throwing nets {=f!f}
 p - 9 curare-tipped darts {=f}
 r - 33 poisoned darts
 x - 3 javelins
 z - 9 boomerangs
Armour
 a - a +0 animal skin
 u - a +1 hat
   (You found it on level 3 of the Dungeon)
 C - the +18 Lear's hauberk (worn)
   (You found it on level 6 of the Dungeon)
Magical Staves
 m - a staff of earth {!a}
   (You found it on level 1 of the Dungeon)
 y - a staff of death {!a}
   (You found it on level 4 of the Dungeon)
Jewellery
 L - a ring of flight
   (You found it on level 1 of the Lair of Beasts)
 O - a +4 ring of protection (left hand)
   (You found it on level 5 of the Dungeon)
 P - the ring of Xom's Benevolence (right hand) {rN+ Will+ Int-2 Slay+3}
   (You found it on level 11 of the Dungeon)

   [ring of willpower]

   Int-2:     It affects your intelligence (-2).
   Slay+3:    It affects your accuracy & damage with ranged weapons and melee
   (+3).
   rN+:       It protects you from negative energy.
   Will+:     It increases your willpower.
 R - a ring of resist corrosion
   (You found it on level 2 of the Lair of Beasts)
 W - a ring of magical power
   (You found it on level 2 of the Lair of Beasts)
Talismans
 c - a beast talisman
 d - a flux talisman
 M - a maw talisman
   (You found it on level 4 of the Dungeon)
Wands
 H - a wand of paralysis (2)
   (You found it on level 8 of the Dungeon)
 K - a wand of mindburst (1)
   (You found it on level 11 of the Dungeon)
 N - a wand of flame (21)
   (You found it on level 1 of the Lair of Beasts)
 Q - a wand of polymorph (8)
   (You found it on level 2 of the Lair of Beasts)
Scrolls
 e - a scroll of identify {@r1}
 g - 13 scrolls of noise {!r}
 o - 3 scrolls of revelation
 s - 2 scrolls of fog
 w - a scroll of brand weapon
 A - 4 scrolls of teleportation {@r4}
 B - a scroll of blinking {!r}
 D - a scroll of immolation {!r!r}
 E - a scroll of summoning
 G - a scroll of silence {!r}
Potions
 b - 3 potions of lignification {!q}
 f - 4 potions of resistance
 i - 4 potions of attraction {!q}
 k - 6 potions of mutation {!q}
 l - 4 potions of ambrosia
 n - 2 potions of curing {@q1}
 q - a potion of berserk rage {!q}
 t - 2 potions of cancellation
 v - a potion of magic
 F - a potion of enlightenment
 I - 4 potions of heal wounds {@q2}
 J - 3 potions of brilliance

Dungeon Overview and Level Annotations

Branches:
Dungeon (11/15) Zot: 25787  Temple (1/1) D:6 Zot: 5989    Lair (2/5) D:8 Zot: 9826
  Snake (0/4) Lair:2      Ossuary (visited)
  Swamp: Lair:2-3    Shoals: Lair:2-3       Orc: D:9-12

Altars:
Ashenzari
Cheibriados
Dithmenos
Fedhas
Gozag
Hepliaklqana
Kikubaaqudgha
Makhleb
Nemelex Xobeh
Okawaru
Qazlal
Ru
Sif Muna
Trog
Uskayaw
Vehumet
Wu Jian
Xom
Yredelemnul

Shops:
D:4 *

Annotations:
D:3 Sigmund
D:6 2 transporters
D:10 1 runed translucent door, lDtest's ghost, journeyman OpSu
Lair:1 3 runed translucent doors, Coiter's ghost, journeyman SpDe

...##...>.....## #.#.#
#...##.........# ##..#
##..##........## ##.#
##.##....##### ##.#
#P..'....##.## #### #..##
###.#....#...## #...###...#
#####.......###..⌠...##.##
#P...#...#.....>.##..#####
##..###..@N..⌠...#........ ####
##.)N#...###........ ##.## ##
#........ ### ####
################........
..###.P###......###..............
.................†...............
.#.####....##P.####..............
P### ###.###### ##.............
.# ##.# ##..P..###..##


You could see 2 nagas.


Message History

The naga hits you but does no damage. The naga constricts you.
Your blood congeals into armour.
The naga spits poison at you.
The splash of poison hits you but does no damage.
You are poisoned.
The naga hits you but does no damage. 😮 HP[-5]
You take 5 damage, and now have 58/94 hp.
You hit the naga but do no damage.
Your tail-slap misses the naga.
You feel sick. The naga closely misses you. The naga constricts you.
The naga completely misses you. 😮 HP[-2]
You take 2 damage, and now have 56/94 hp.
Unknown command.
You closely miss the naga. You punch the naga, but do no damage.
You feel sick. The naga hits you but does no damage.
The naga spits poison at you.
The splash of poison hits you but does no damage.
You are more poisoned.
The naga constricts you. 😮 HP[-5]
You take 5 damage, and now have 51/94 hp.
You completely miss the naga.
You feel very sick. The naga spits poison at you.
The splash of poison hits you but does no damage.
You are more poisoned.
The naga barely misses you. 😮 HP[-2]
You take 2 damage, and now have 49/94 hp.
You barely miss the naga.
You feel very sick. The naga barely misses you. The naga constricts you.
The naga hits you with a +0 battleaxe.
* * * LOW HITPOINT WARNING * * *
The naga hits you but does no damage. 😨 HP[-9]
You take 9 damage, and now have 40/94 hp.
You punch the naga!
Your tail-slap misses the naga.
You feel very sick.
The naga is engulfed in blazing flames.
You kill the naga!
The Council accepts your kill. The naga hits you with a +0 battleaxe.
* * * LOW HITPOINT WARNING * * *
The naga grabs you. The naga constricts you.
* * * LOW HITPOINT WARNING * * *
Your Shapeshifting skill increases to level 11! 😨 HP[-9]
You take 9 damage, and now have 31/94 hp.
The naga's grasp on you weakens, but your attempt to escape fails.
You feel very sick. The naga spits poison at you.
The splash of poison hits you but does no damage.
You are more poisoned.
The naga hits you but does no damage. The naga constricts you. 😨 HP[-3]
You take 3 damage, and now have 28/94 hp.
Unknown command.
What are your orders? t - Shout!
Orders for allies: a - Attack new target. r - Retreat! s - Stop attacking. g - Guard the area. f - Follow me.
Anything else - Cancel.
Retreat in which direction?
Press: ? - help, Dir - move target, f - you
Okay, then.
As you read the scroll of teleportation {@r4}, it crumbles to dust.
You feel strangely unstable.
* * * LOW HITPOINT WARNING * * *
You feel very sick. The naga hits you with a +0 long sword.
* * * LOW HITPOINT WARNING * * *
The naga spits poison at you.
The splash of poison hits you but does no damage.
You are lethally poisoned!
The naga constricts you.
* * * LOW HITPOINT WARNING * * *
😱 HP[-11]
You take 11 damage, and now have 17/94 hp.
You hit the naga but do no damage. You tail-slap the naga.
* * * LOW HITPOINT WARNING * * *
You feel very sick. The naga barely misses you. 😱 HP[-6]
You take 6 damage, and now have 11/94 hp.
Unknown command.
You punch the naga!
Your tail-slap misses the naga.
You punch the naga.
* * * LOW HITPOINT WARNING * * *
You feel very sick. The naga hits you with a +0 battleaxe.
* * * LOW HITPOINT WARNING * * *
The naga constricts you.
The naga hits you but does no damage. 😱 HP[-10]
You take 10 damage, and now have 1/94 hp.
Unknown command.
You feel better. The naga hits you with a +0 battleaxe!
You die...

Skill      XL: |  1  2  3  4  5  6  7  8  9 10 11 12 |
---------------+-------------------------------------+-----
Unarmed Combat | 3 4 5 6 7 8 10 11 | 11.9
Shapeshifting  | 3 4 5 6 8 9 10 11 | 11.0
Fighting       | 2 3 4 5 6 7 8 |  8.8
Dodging        | 2 4 5 6 |  6.2

Action                     |  1- 3 |  4- 6 |  7- 9 | 10-12 || total
---------------------------+-------+-------+-------+-------++-------
  Melee: Unarmed           |    83 |   178 |   370 |   700 ||  1331
         Tailslap          |     7 |    29 |    76 |   129 ||   241
         Punch             |     1 |     5 |    18 |    65 ||    89
Ability: Lunge             |       |       |    15 |    37 ||    52
         Whirlwind         |       |       |     1 |     7 ||     8
  Evoke: Wand              |       |       |       |     4 ||     4
    Use: Scroll            |     4 |     5 |     9 |     6 ||    24
         Potion            |       |     1 |     2 |     2 ||     5
   Stab: Sleeping          |     1 |     3 |     2 |       ||     6
         Paralysed         |       |       |       |     4 ||     4
 Armour: Animal skin       |    37 |    84 |    69 |       ||   190
         Skin              |       |       |    34 |       ||    34
         Chain mail        |       |       |   128 |   526 ||   654
  Dodge: Dodged            |    42 |    71 |   167 |   209 ||   489
   Form: Flux              |       |       |     2 |       ||     2
                           |       |       |     2 |     1 ||     3
         Beast             |       |       |     1 |       ||     1
         Maw               |       |       |       |     1 ||     1

Levels and vault maps discovered:
D:1:      dpeg_arrival_boxorama, layout_basic
D:2:      layout_basic, minmay_heptomino_d4, uniq_natasha
D:3:      layout_loops_ring, serial_glass, glass_columns_a, glass_columns_c,
          uniq_sigmund
D:4:      layout_gridville, fedhas_ov_isle_minmay,
          nicolae_ossuary_entry_catacombs, nicolae_shop_clearance
D:5:      layout_loops_corners
D:6:      gammafunk_wand_slinger, layout_loops_ring,
          mainiacjoe_overflow_surrounded_room,
          minmay_temple_entry_enclosed_plants, hellmonk_guarded_unrand_lears,
          uniq_pikel
D:7:      layout_loops_ring, chequers_temple_overflow_minitemple
D:8:      layout_basic, erik_lair_orcish_takeover, uniq_joseph
D:9:      layout_loops_ring, uniq_prince_ribbit1
D:10:     layout_roguey, ebering_ghost_xom, feat_on_display, uniq_josephine,
          uniq_gastronok
D:11:     layout_basic
Temple:   hellmonk_temple_of_storms
Lair:1:   layout_loops_ring, maelrawn_ghost_gauntlet_escape,
          beast_lair_carwin_10
Lair:2:   layout_roguey, nicolae_snake_entry_squirm

Notes
Turn   | Place    | Note
-------+----------+-------------------------------------------
     0 | D:1      | kae the Demonspawn Shapeshifter began the quest for the
                  | Orb.
     0 | D:1      | Reached XP level 1. HP: 15/15 MP: 1/1
     0 | D:1      | magus.rc [v1.11.3]
    36 | D:1      | You pick up a book of Conjurations and begin reading...
    36 | D:1      | You add the spells Magic Dart, Searing Ray and Fulminant
                  | Prism to your library.
   173 | D:1      | Gained mutation: You have a small tail. [demonic ancestry]
   173 | D:1      | Reached XP level 2. HP: 13/21 MP: 2/2
   192 | D:1      | Reached skill level 3 in Unarmed Combat
   225 | D:1      | You pick up a book of Transmutation and begin reading...
   225 | D:1      | You add the spells Sublimation of Blood, Petrify and
                  | Irradiate to your library.
   277 | D:1      | You pick up a book of Blood and begin reading...
   277 | D:1      | You add the spells Call Imp and Summon Hydra to your
                  | library.
   322 | D:1      | Reached skill level 3 in Shapeshifting
   801 | D:1      | Gained mutation: When seriously injured, your blood forms
                  | armour. (AC +6) [demonic ancestry]
   801 | D:1      | Reached XP level 3. HP: 26/26 MP: 3/3
  1295 | D:2      | Noticed Natasha
  1323 | D:2      | Killed Natasha
  1324 | D:2      | Gained mutation: Spells you cast may paralyse adjacent
                  | enemies. [demonic ancestry]
  1324 | D:2      | Reached XP level 4. HP: 10/33 MP: 4/4
  1524 | D:2      | Noticed Natasha
  1537 | D:2      | Killed Natasha
  1538 | D:2      | Reached skill level 2 in Fighting
  1720 | D:2      | Noticed Natasha
  1729 | D:2      | Killed Natasha
  1859 | D:2      | Reached XP level 5. HP: 38/38 MP: 5/5
  2048 | D:3      | Reached skill level 4 in Unarmed Combat
  2098 | D:3      | You pick up a book of the Tundra and begin reading...
  2098 | D:3      | You add the spells Hailstorm, Summon Ice Beast and Sculpt
                  | Simulacrum to your library.
  2116 | D:3      | You add the spells Tukima's Dance, Passage of Golubria and
                  | Yara's Violent Unravelling to your library.
  2119 | D:3      | Noticed Sigmund
  2368 | D:3      | You pick up a book of Misfortune and begin reading...
  2368 | D:3      | You add the spells Jinxbite and Enfeeble to your library.
  2923 | D:4      | You pick up a book of Spatial Translocations and begin
                  | reading...
  2923 | D:4      | You add the spells Blink, Momentum Strike and Lesser
                  | Beckoning to your library.
  2994 | D:4      | Reached skill level 4 in Shapeshifting
  3059 | D:4      | Found a sand-covered staircase.
  3081 | D:4      | Reached XP level 6. HP: 28/46 MP: 6/6
  3120 | Ossuary  | Entered an ossuary
  3171 | Ossuary  | HP: 11/46 [mummy (3)]
  3407 | Ossuary  | Reached skill level 3 in Fighting
  3413 | Ossuary  | Reached skill level 5 in Unarmed Combat
  3547 | Ossuary  | Gained mutation: Your demonic aura sometimes causes spilled
                  | blood to erupt in flames. [demonic ancestry]
  3547 | Ossuary  | Reached XP level 7. HP: 52/52 MP: 7/7
  3714 | D:4      | You fall into a shaft and drop 1 floor!
  3714 | D:5      | Entered Level 5 of the Dungeon
  4029 | D:5      | Reached skill level 5 in Shapeshifting
  4599 | D:5      | Reached skill level 4 in Fighting
  4599 | D:5      | Reached skill level 6 in Unarmed Combat
  4599 | D:5      | Reached XP level 8. HP: 54/60 MP: 8/8
  4910 | D:4      | You pick up a book of Frost and begin reading...
  4910 | D:4      | You add the spells Freeze and Frozen Ramparts to your
                  | library.
  4915 | D:4      | You pick up a book of Geomancy and begin reading...
  4915 | D:4      | You add the spells Sandblast, Passwall, Stone Arrow and
                  | Brom's Barrelling Boulder to your library.
  5065 | D:4      | Found a blossoming altar of Fedhas.
  5358 | D:4      | Reached skill level 6 in Shapeshifting
  5558 | D:4      | Found Giddior's CLEARANCE SALE!.
  5565 | D:4      | Bought a scroll of blinking for 37 gold pieces
  5766 | D:6      | Found a transporter.
  5766 | D:6      | Found the +10 morningstar "Eos" {elec, Halo rElec}
  5769 | D:6      | Noticed a kobold demonologist
  5884 | D:6      | Reached skill level 7 in Unarmed Combat
  5912 | D:6      | Found a bloodstained altar of Trog.
  5997 | D:6      | Noticed a troll
  6008 | D:6      | Killed a troll
  6009 | D:6      | Reached skill level 5 in Fighting
  6011 | D:6      | HP: 13/60 [acid (9)]
  6016 | D:6      | HP: 13/60 [poisoned by a scorpion]
  6018 | D:6      | Reached XP level 9. HP: 13/68 MP: 9/9
  6020 | D:6      | HP: 4/66 [acid (7)]
  6234 | D:6      | Found the +18 Lear's hauberk
  6286 | D:6      | Noticed Pikel
  6296 | D:6      | Killed Pikel
  6297 | D:6      | Reached skill level 7 in Shapeshifting
  6547 | D:6      | Found a transporter.
  6605 | D:6      | Found a staircase to the Ecumenical Temple.
  6861 | Temple   | Entered the Ecumenical Temple
  6866 | Temple   | Became a worshipper of the Wu Jian Council
  7104 | D:7      | Found a shadowy altar of Dithmenos.
  7106 | D:7      | Found a broken altar of Ashenzari.
  7108 | D:7      | Found a basalt altar of Yredelemnul.
  7341 | D:7      | Reached skill level 8 in Unarmed Combat
  7729 | D:7      | Reached skill level 2 in Dodging
  8236 | D:8      | Reached skill level 6 in Fighting
  8396 | D:8      | Reached * piety under Wu Jian
  8405 | D:8      | Reached skill level 8 in Shapeshifting
  8425 | D:8      | Reached XP level 10. HP: 45/76 MP: 10/10
  8539 | D:8      | Found a staircase to the Lair.
  8668 | D:8      | Reached skill level 3 in Dodging
  8823 | D:8      | You pick up a book of Frost and begin reading...
  8908 | D:8      | Noticed Joseph
  8928 | D:8      | Killed Joseph
  8929 | D:8      | Reached skill level 9 in Unarmed Combat
  9151 | D:9      | Noticed Prince Ribbit
  9163 | D:9      | Killed Prince Ribbit
  9558 | D:9      | You pick up a book of Decay and begin reading...
  9558 | D:9      | You add the spells Cigotuvi's Dreadful Rot, Dispel Undead,
                  | Martyr's Knell and Death Channel to your library.
  9755 | D:9      | Reached ** piety under Wu Jian
 10073 | D:10     | Entered Level 10 of the Dungeon
 10094 | D:10     | Noticed Josephine
 10118 | D:10     | Killed Josephine
 10119 | D:10     | Reached skill level 7 in Fighting
 10119 | D:10     | Reached skill level 4 in Dodging
 10126 | D:10     | Reached skill level 9 in Shapeshifting
 10163 | D:10     | Reached skill level 10 in Unarmed Combat
 10308 | D:10     | You pick up a book of Party Tricks and begin reading...
 10308 | D:10     | You add the spells Apportation and Alistair's Intoxication
                  | to your library.
 10604 | D:10     | Noticed Gastronok
 10604 | D:10     | Gastronok the Ponderous comes into view. He is wearing the
                  | +3 hat of Pondering {ponderous, Will+ MP+10 Int+5}.
 10638 | D:10     | Killed Gastronok
 10639 | D:10     | Reached XP level 11. HP: 27/84 MP: 11/11
 10961 | D:10     | Found a runed translucent door.
 11039 | D:10     | Noticed a +2 hand axe of chaos
 11041 | D:10     | Noticed lDtest's ghost (journeyman OpSu)
 11077 | D:10     | Found a shimmering altar of Xom.
 11081 | D:10     | You pick up a book of Lightning and begin reading...
 11081 | D:10     | You add the spells Vhi's Electric Charge, Arcjolt and
                  | Plasma Beam to your library.
 11291 | D:11     | Reached skill level 5 in Dodging
 11386 | D:11     | You pick up a book of the Hunter and begin reading...
 11386 | D:11     | You add the spells Sigil of Binding, Call Canine Familiar
                  | and Dimensional Bullseye to your library.
 11455 | D:11     | Reached *** piety under Wu Jian
 11456 | D:11     | magus.rc [v1.11.3]
 11642 | D:11     | Identified the ring of Xom's Benevolence {rN+ Will+ Int-2
                  | Slay+3}
 11757 | D:11     | You pick up a book of Dreams and begin reading...
 11757 | D:11     | You add the spells Ensorcelled Hibernation, Fugue of the
                  | Fallen and Anguish to your library.
 11810 | D:11     | Noticed a red ugly thing
 11825 | D:11     | Killed a red ugly thing
 11826 | D:11     | Reached skill level 10 in Shapeshifting
 12108 | D:9      | Reached skill level 8 in Fighting
 12344 | Lair:1   | Entered Level 1 of the Lair of Beasts
 12388 | Lair:1   | Reached skill level 11 in Unarmed Combat
 12647 | Lair:1   | Noticed a minotaur
 12813 | Lair:1   | HP: 19/87 [poisoned by a cane toad]
 12814 | Lair:1   | HP: 4/87 [cane toad (11)]
 12815 | Lair:1   | HP: 1/87 [poisoned by a cane toad]
 12816 | Lair:1   | Gained mutation: Spells you cast may paralyse nearby
                  | enemies. [demonic ancestry]
 12816 | Lair:1   | Reached XP level 12. HP: 1/94 MP: 12/12
 12868 | Lair:1   | HP: 23/94 [torpor snail (9)]
 13082 | Lair:1   | You pick up a book of Storms and begin reading...
 13082 | Lair:1   | You add the spells Static Discharge, Airstrike and Summon
                  | Lightning Spire to your library.
 13146 | Lair:1   | Found a runed translucent gate.
 13146 | Lair:1   | Found a runed translucent gate.
 13148 | Lair:1   | Found a runed translucent gate.
 13150 | Lair:1   | Noticed Coiter's ghost (journeyman SpDe)
 13151 | Lair:1   | Noticed a seven-headed hydra
 13325 | Lair:1   | You pick up a book of Weapons and begin reading...
 13706 | Lair:2   | Reached skill level 6 in Dodging
 14165 | Lair:2   | Reached **** piety under Wu Jian
 14522 | Lair:2   | Found a staircase to the Snake Pit.
 14538 | Lair:2   | Reached skill level 11 in Shapeshifting
 14539 | Lair:2   | HP: 22/94 [poisoned by a naga (splash of poison)]
 14541 | Lair:2   | HP: 6/94 [poisoned by a naga (splash of poison)]
 14541 | Lair:2   | HP: 1/94 [naga/+0 battleaxe (5)]
 14542 | Lair:2   | Slain by a naga

Vanquished Creatures
  Gastronok (D:10)
  Josephine (D:10)
  Pikel (D:6)
  A cyclops (D:11)
  An ugly thing (D:11)
  Joseph (D:8)
  A torpor snail (Lair:1)
  10 cane toads
  2 komodo dragons
  A rime drake (Lair:1)
  A troll (D:6)
  Prince Ribbit (D:9)
  3 blink frogs (Lair:2)
  A shadow (D:9)
  4 wyverns
  5 wraiths (D:10)
  19 yaks
  A basilisk (Lair:2)
  A steam dragon (D:8)
  A warg (D:8)
  6 vampire mosquitoes (D:11)
  A naga (Lair:2)
  7 water moccasins
  4 orc warriors
  A sky beast (D:7)
  An ice beast (D:6)
  2 ogres
  13 wolves
  4 centaurs
  4 lemures (D:6)
  3 phantoms
  2 elf zombies
  A kobold brigand (D:9)
  2 gnoll sergeants
  4 bullfrogs
  8 scorpions
  15 wights
  2 elf skeletons (D:4)
  2 burial acolytes (Ossuary)
  2 howler monkeys
  A human zombie (D:4)
  2 jellies (D:6)
  3 orc priests
  2 bombardier beetles
  A gnoll bouda (D:7)
  A human skeleton (D:4)
  2 sleepcaps
  5 iguanas
  Natasha (thrice) (D:2)
  15 orc wizards
  4 mummies (Ossuary)
  4 adders
  13 gnolls
  3 white imps
  2 ribbon worms (D:2)
  4 dart slugs
  29 orcs
  6 endoplasms
  6 goblins
  5 hobgoblins
  2 jackals (D:4)
  4 quokkas
  7 ball pythons
  9 bats
  2 frilled lizards (D:2)
  3 gnoll zombies (Ossuary)
  16 kobolds
  3 kobold zombies (Ossuary)
  2 orc zombies
  3 rats
303 creatures vanquished.

Vanquished Creatures (others)
  An orc wizard (D:8)
1 creature vanquished.

Grand Total: 304 creatures vanquished

Table legend:
 A = Non-vault XP
 B = Vault XP
 C = Vault XP percentage of total XP
 D = Non-vault monster count
 E = Vault monster count
 F = Vault count percentage of total count
                 A         B        C        D         E       F
            +---------+---------+-------+---------+---------+-------
      Total |   18105 |   10156 |  35.9 |     246 |      53 |  17.7
            +---------+---------+-------+---------+---------+-------
        D:1 |      44 |       0 |   0.0 |      23 |       0 |   0.0
        D:2 |     115 |      39 |  25.3 |      18 |       4 |  18.2
        D:3 |      78 |       0 |   0.0 |      18 |       0 |   0.0
        D:4 |     503 |     337 |  40.1 |      17 |       6 |  26.1
        D:5 |     738 |       0 |   0.0 |      15 |       0 |   0.0
        D:6 |     581 |     887 |  60.4 |      12 |       2 |  14.3
        D:7 |     495 |       0 |   0.0 |      12 |       0 |   0.0
        D:8 |    1541 |     996 |  39.3 |      27 |       8 |  22.9
        D:9 |    1671 |     251 |  13.1 |      32 |       1 |   3.0
       D:10 |    2432 |    3483 |  58.9 |      19 |       7 |  26.9
       D:11 |    2964 |       0 |   0.0 |      16 |       0 |   0.0
     Lair:1 |    3257 |    3676 |  53.0 |      15 |      10 |  40.0
     Lair:2 |    3686 |     176 |   4.6 |      22 |       1 |   4.3
    Ossuary |       0 |     311 | 100.0 |       0 |      14 | 100.0
            +---------+---------+-------+---------+---------+-------

Skill      XL: |  1  2  3  4  5  6  7  8  9 10 11 12 |
---------------+-------------------------------------+-----
Unarmed Combat | 3 4 5 6 7 8 10 11 | 11.9
Shapeshifting  | 3 4 5 6 8 9 10 11 | 11.0
Fighting       | 2 3 4 5 6 7 8 |  8.8
Dodging        | 2 4 5 6 |  6.2

Action                     |  1- 3 |  4- 6 |  7- 9 | 10-12 || total
---------------------------+-------+-------+-------+-------++-------
  Melee: Unarmed           |    83 |   178 |   370 |   700 ||  1331
         Tailslap          |     7 |    29 |    76 |   129 ||   241
         Punch             |     1 |     5 |    18 |    65 ||    89
Ability: Lunge             |       |       |    15 |    37 ||    52
         Whirlwind         |       |       |     1 |     7 ||     8
  Evoke: Wand              |       |       |       |     4 ||     4
    Use: Scroll            |     4 |     5 |     9 |     6 ||    24
         Potion            |       |     1 |     2 |     2 ||     5
   Stab: Sleeping          |     1 |     3 |     2 |       ||     6
         Paralysed         |       |       |       |     4 ||     4
 Armour: Animal skin       |    37 |    84 |    69 |       ||   190
         Skin              |       |       |    34 |       ||    34
         Chain mail        |       |       |   128 |   526 ||   654
  Dodge: Dodged            |    42 |    71 |   167 |   209 ||   489
   Form: Flux              |       |       |     2 |       ||     2
                           |       |       |     2 |     1 ||     3
         Beast             |       |       |     1 |       ||     1
         Maw               |       |       |       |     1 ||     1

Illustrated notes

Table legend:
 A = Kills in this place as a percentage of kills in the entire game.
 B = Kills by you in this place as a percentage of kills by you in the entire game.
 C = Kills by friends in this place as a percentage of kills by friends in the entire game.
 D = Other kills in this place as a percentage of other kills in the entire game.
 E = Experience gained in this place as a percentage of experience gained in the entire game.
 F = Experience gained in this place divided by the number of levels of this place that you have seen.
                   A       B       C       D       E      F
               +-------+-------+-------+-------+-------+----------------------
         Total | 100.0 | 100.0 |   N/A |   N/A | 100.0 | 1884.1
       Dungeon |  79.3 |  79.3 |   N/A |   N/A |  60.7 | 1559.5
          Lair |  16.1 |  16.1 |   N/A |   N/A |  38.2 | 5397.5
       Ossuary |   4.7 |   4.7 |   N/A |   N/A |   1.1 | 311.0
               +-------+-------+-------+-------+-------+----------------------

Table legend: (Time is in decaauts)
 A = Elapsed time spent in this place.
 B = Non-inter-level travel time spent in this place.
 C = Inter-level travel time spent in this place.
 D = Time resting spent in this place.
 E = Time spent auto-exploring this place.
 F = Levels seen in this place.
 G = Mean time per level.
                   A        B        C        D        E       F      G
               +--------+--------+--------+--------+--------+-----+--------+
         Total |  14409 |  13601 |    808 |    630 |  10701 |  15 |  960.6 |
       Dungeon |  11654 |  10869 |    785 |    349 |   8689 |  11 | 1059.5 |
        Temple |     10 |      5 |      5 |      0 |      0 |   1 |   10.0 |
          Lair |   2172 |   2155 |     17 |     34 |   1806 |   2 | 1086.0 |
       Ossuary |    571 |    571 |      0 |    247 |    206 |   1 |  571.0 |
               +--------+--------+--------+--------+--------+-----+--------+

Top non-repeatable levels by time:
     D:6: 1397 daAuts
  Lair:1: 1315 daAuts
     D:5: 1245 daAuts
     D:8: 1217 daAuts
     D:2: 1158 daAuts
    D:10: 1071 daAuts
     D:4: 1021 daAuts
    D:11: 929 daAuts
     D:7: 927 daAuts
     D:9: 926 daAuts
     D:3: 894 daAuts
     D:1: 865 daAuts
  Lair:2: 857 daAuts
 Ossuary: 571 daAuts
  Temple: 10 daAuts
